 Dungeon Crawl Stone Soup version 0.26-a0-682-g294304f6e8 (webtiles) character file.

Game seed: 15228561149319962352

307124 DogServant the Executioner (level 21, -17/292 HPs)
             Began as a Hill Orc Gladiator on Oct 21, 2020.
             Was a Follower of Uskayaw.
             Demolished by 1994's ghost (30 damage)
             ... on level 3 of the Elven Halls.
             The game lasted 01:29:07 (49770 turns).

DogServant the Executioner (Hill Orc Gladiator)    Turns: 49770, Time: 01:29:08

Health: -17/292    AC: 30    Str: 31    XL:     21   Next: 54%
Magic:  0/24       EV:  2    Int:  8    God:    Uskayaw [*.....]
Gold:   2014       SH:  5    Dex: 21    Spells: 20/20 levels left

rFire    + . .     SeeInvis .   z - +0 executioner's axe
rCold    . . .     Faith    .   (shield currently unavailable)
rNeg     + + +     Spirit   .   (armour currently unavailable)
rPois    +         Reflect  +   (helmet currently unavailable)
rElec    +         Harm     .   (cloak currently unavailable)
rCorr    .         Rampage  .   (gloves currently unavailable)
MR       +++..     NoTele   +   (boots currently unavailable)
Stlth    ++++......             h - amulet of reflection
HPRegen  0.58/turn              H - ring of Scepticism {*Drain MP-9 EV+4 Str+3 Dex+6}
MPRegen  0.19/turn              E - ring of Asaukust {*Drain rElec rF+ MR++ Stlth+}

@: tree-form, berserk cooldown, slowed, lightly drained, very slow
A: thin skeletal structure 1, strong 1, evolution 1
}: 1/15 runes: serpentine
a: Stomp, Renounce Religion


You were on level 3 of the Elven Halls.
You worshipped Uskayaw.
Uskayaw was most pleased with you.
You were a tree.
You visited 8 branches of the dungeon, and saw 36 of its levels.
You also visited: Sewer.

You collected 5002 gold pieces.
You spent 2988 gold pieces at shops.

Inventory:

Hand Weapons
 m - a +1 vampiric battleaxe
 z - a +0 executioner's axe (weapon)
 J - a +2 antimagic battleaxe
Missiles
 C - 4 throwing nets (quivered)
Armour
 o - a +2 pair of gloves (melded)
 L - a +0 pair of boots (melded)
 N - a +7 plate armour of magic resistance (melded)
 O - a +1 hat (melded)
 Q - a scarf of resistance (melded)
Jewellery
 d - the ring of Ycoecith {rPois rN+ SInv, unknown}
   (You found it on level 3 of the Elven Halls)

   [ring of see invisible]

   It protects you from poison.
   It protects you from negative energy.
   It lets you see invisible.
 g - an uncursed ring of magical power
 h - an amulet of reflection (around neck)
 E - the ring of Asaukust (right branch) {*Drain rElec rF+ MR++ Stlth+}
   (You acquired it on level 10 of the Dungeon)

   [ring of protection from fire]

   It protects you from fire.
   It insulates you from electricity.
   It affects your resistance to hostile enchantments.
   It causes draining when unequipped.
   It makes you more stealthy.
 F - an uncursed ring of poison resistance
 H - the ring of Scepticism (left branch) {*Drain MP-9 EV+4 Str+3 Dex+6}
   (You bought it in a shop on level 3 of the Vaults)

   [ring of evasion]

   It affects your evasion (+4).
   It affects your strength (+3).
   It affects your dexterity (+6).
   It affects your magic capacity (-9).
   It causes draining when unequipped.
 X - the ring of Atawk {rC+ Str+3 SInv}
   (You found it on level 2 of the Snake Pit)

   [ring of see invisible]

   It affects your strength (+3).
   It protects you from cold.
   It lets you see invisible.
Wands
 e - a wand of flame (77)
 u - a wand of acid (63)
 y - a wand of paralysis (8)
 A - a wand of iceblast (59)
 I - a wand of polymorph (16)
 M - a wand of random effects (19)
 V - a wand of digging (16)
 Z - a wand of disintegration (23)
Scrolls
 a - 4 scrolls of holy word
 c - 7 scrolls of enchant armour
 f - a scroll of identify
 k - 6 scrolls of magic mapping
 n - 6 scrolls of blinking
 p - 9 scrolls of fear
 r - 11 scrolls of remove curse
 B - 18 scrolls of teleportation
 D - 3 scrolls of fog
 G - 11 scrolls of amnesia
 W - 3 scrolls of enchant weapon
Potions
 b - 5 potions of brilliance
 i - 4 potions of stabbing
 j - 4 potions of lignification
 l - 13 potions of curing
 q - 6 potions of flight
 s - 2 potions of invisibility
 t - 4 potions of haste
 v - 6 potions of resistance
 w - 2 potions of magic
 x - 3 potions of ambrosia
 P - 3 potions of cancellation
 R - 3 potions of mutation
 S - a potion of heal wounds
 T - 2 potions of might


   Skills:
 + Level 18.7(18.4) Fighting
 + Level 26.5(26.2) Axes
 - Level 1.7(1.5) Throwing
 - Level 17.8(17.6) Armour
 - Level 12.0(11.7) Dodging
 - Level 17.0(16.7) Invocations
 - Level 4.0(3.8) Evocations


You had 20 spell levels left.
You didn't know any spells.
Your spell library contained the following spells:

 Spells                   Type           Power        Failure   Level
 Corona                   Hex            #......      41%         1
 Foxfire                  Conj/Fire      #...         41%         1
 Freeze                   Ice            #...         41%         1
 Sandblast                Erth           #.....       41%         1
 Sting                    Tmut/Pois      #...         41%         1
 Blink                    Tloc           N/A          54%         2
 Passwall                 Tmut/Erth      #.......     54%         2
 Poisonous Vapours        Pois/Air       #.....       54%         2
 Searing Ray              Conj           #.....       54%         2
 Slow                     Hex            #.......     54%         2
 Sublimation of Blood     Necr           #.........   54%         2
 Confusing Touch          Hex            #.......     78%         3
 Conjure Flame            Conj/Fire      #.......     78%         3
 Frozen Ramparts          Ice            #.....       78%         3
 Gell's Gravitas          Tloc           #.........   78%         3
 Ignite Poison            Fire/Tmut/Pois #.......     78%         3
 Inner Flame              Hex/Fire       #.......     78%         3
 Lesser Beckoning         Tloc           #.........   78%         3
 Mephitic Cloud           Conj/Pois/Air  #.......     78%         3
 Ozocubu's Armour         Ice            #.......     78%         3
 Portal Projectile        Hex/Tloc       #.....       78%         3
 Static Discharge         Conj/Air       #.......     78%         3
 Stone Arrow              Conj/Erth      #.....       78%         3
 Teleport Other           Tloc           #.......     78%         3
 Cause Fear               Hex            #.........   99%         4
 Hailstorm                Conj/Ice       #.......     99%         4
 Ice Form                 Ice/Tmut       #.......     99%         4
 Leda's Liquefaction      Hex/Erth       #.........   99%         4
 Olgreb's Toxic Radiance  Pois           #.......     99%         4
 Passage of Golubria      Tloc           N/A          99%         4
 Petrify                  Tmut/Erth      #.......     99%         4
 Sticky Flame             Conj/Fire      #.......     99%         4
 Summon Ice Beast         Ice/Summ       #.......     99%         4
 Summon Lightning Spire   Summ/Air       #.......     99%         4
 Alistair's Intoxication  Tmut/Pois      #........    100%        5
 Bolt of Magma            Conj/Fire/Erth #.........   100%        5
 Fireball                 Conj/Fire      #.........   100%        5
 Irradiate                Conj/Tmut      #.........   100%        5
 Iskenderun's Battlesphe  Conj           #.......     100%        5
 Lee's Rapid Deconstruct  Erth           #.........   100%        5
 Lightning Bolt           Conj/Air       #.........   100%        5
 Metabolic Englaciation   Hex/Ice        #.........   100%        5
 Silence                  Hex/Air        #.........   100%        5
 Yara's Violent Unravell  Hex/Tmut       #.........   100%        5
 Conjure Ball Lightning   Conj/Air       #.........   100%        6
 Eringya's Noxious Bog    Tmut/Pois      #.........   100%        6
 Iron Shot                Conj/Erth      #.........   100%        6
 Starburst                Conj/Fire      #.........   100%        6
 Dragon Form              Tmut           #.........   100%        7
 Orb of Destruction       Conj           #.........   100%        7
 Spellforged Servitor     Conj/Summ      #.........   100%        7
 Chain Lightning          Conj/Air       #.........   100%        8
 Discord                  Hex            #.........   100%        8
 Ignition                 Fire           #.........   100%        8
 Lehudib's Crystal Spear  Conj/Erth      #.........   100%        8
 Absolute Zero            Ice            #.........   100%        9
 Dragon's Call            Summ           #.........   100%        9
 Fire Storm               Conj/Fire      #.........   100%        9
 Shatter                  Erth           #.........   100%        9
 Tornado                  Air            #.........   100%        9


Dungeon Overview and Level Annotations

Branches:
Dungeon (15/15)            Temple (1/1) D:6            Lair (6/6) D:10
  Swamp (1/4) Lair:2        Snake (4/4) Lair:2        Slime (0/5) Lair:5
    Orc (2/2) D:10            Elf (3/3) Orc:2        Vaults (4/5) D:13
  Crypt (0/3) Vaults:3     Depths (0/5) D:15          Sewer (visited)

Altars:
Ashenzari
Cheibriados
Dithmenos
Elyvilon
Fedhas
Gozag
Hepliaklqana
Kikubaaqudgha
Makhleb
Nemelex Xobeh
Okawaru
Qazlal
Ru
Sif Muna
Trog
Uskayaw
Vehumet
Wu Jian
Xom
Yredelemnul
Zin
The Shining One

Shops:
D:7 (   D:9 }   D:10 *   D:13 !=[   Orc:2 ::[**   Elf:1 *   Elf:2 [*
Snake:1 !=:   Snake:2 *   Snake:3 *   Vaults:3 ==(*   Vaults:4 }

Portals:
Ice
Cave: Swamp:1

Annotations:
D:3 3 runed translucent doors, Alfie's ghost, amateur HOFi
D:10 2 runed translucent doors
Lair:5 exclusion: oklob plant
Elf:2 5 runed translucent doors
Elf:3 1994's ghost, adept MiGl


Innate Abilities, Weirdness & Mutations

((You are partially covered in large bone plates. (SH +4)))
You have a somewhat thin skeletal structure. (Dex +2, Stealth)
Your muscles are strong. (Str +2)
You evolve.


Message History

Your roots penetrate the ground. 1994's ghost hits you but does no damage.
You hit 1994's ghost but do no damage. 1994's ghost is almost destroyed. 1994's ghost hits you!!
* * * LOW HITPOINT WARNING * * *
You feel your power leaking away.
You closely miss 1994's ghost. 1994's ghost is almost destroyed. 1994's ghost hits you!!
* * * LOW HITPOINT WARNING * * *
You feel your power leaking away.
You feel much better. 1994's ghost hits you.
* * * LOW HITPOINT WARNING * * *
1994's ghost hits you!
* * * LOW HITPOINT WARNING * * *
As you read the scroll of fear, it crumbles to dust.
You assume a fearsome visage. 1994's ghost is unaffected. 1994's ghost hits you!!
You die...

...#...#........#...#.###...#....
...#...#........#...#.#≈≈...#....
...#...#........#...#.##.≈#.'..##
####...##########...#.#?.}≈.'..#.
....................#.##.≈⌠.#..#.
....................#.##.#..#..#.
....................#.###≈.##..##
#################...#.#######...)
......W♣...#..'...#.....
.......#...#..#.(.'.....
.......#...#..#...####'#
.......#...#..#.........
.......#...'..#.........
.......#...#..#.........
.......#...#..#...######
#################...#..#...# ##
....................#..'...# ##.


You could see 1994's ghost.

Vanquished Creatures
  2 deep elf blademasters (Elf:3)
  A tentacled monstrosity (Vaults:3)
  Jorgrun (D:14)
  2 deep elf master archers (Elf:3)
  Asterion (Elf:1)
  Gastronok (Lair:2)
  A tengu reaver (Vaults:4)
  7 nagarajas
  A fire giant (Vaults:3)
  8 deep elf sorcerers (Elf:3)
  10 vault wardens
  A frost giant (Vaults:4)
  Louise (Elf:3)
  Aizul (Elf:3)
  6 stone giants
  8 deep elf elementalists
  2 very ugly things (Vaults:3)
  9 ironheart preservers
  4 deep elf demonologists
  An entropy weaver (Vaults:1)
  8 deep elf annihilators
  A dire elephant (Lair:6)
  A fire dragon (D:11)
  2 deep elf high priests (Elf:3)
  4 deep elf death magi
  An ice dragon (Vaults:4)
  4 rakshasas
  2 great orbs of eyes
  8 yaktaur captains
  6 hydras
  13 vault guards
  Fannar (Lair:2)
  21 naga warriors
  Harold (D:7)
  3 boulder beetles
  2 catoblepae
  5 centaur warriors
  6 anacondas
  28 two-headed ogres
  11 death yaks
  2 death knights
  7 ogre magi
  A tengu warrior (D:14)
  Urug (Lair:2)
  2 deep troll shamans
  11 dancing weapons
  A deep troll earth mage (Vaults:3)
  An orc high priest (Elf:1)
  8 naga sharpshooters
  4 shock serpents
  16 deep elf knights
  2 large abominations (Elf:3)
  A small abomination (Elf:3)
  Nergalle (D:10)
  An iron troll (Orc:1)
  A shadow wraith (Vaults:2)
  2 salamander mystics (Snake:4)
  3 wizards
  7 deep trolls
  6 unseen horrors
  A glowing orange brain (shapeshifter) (Vaults:4)
  3 naga ritualists
  2 glowing orange brains (Vaults:3)
  2 flayed ghosts
  12 ironbrand convokers
  14 deep elf archers
  A necromancer (Vaults:2)
  14 ugly things
  15 orc knights
  3 phantasmal warriors
  47 deep elf magi
  3 oklob plants
  8 wolf spiders
  8 orc sorcerers
  4 mana vipers
  6 salamanders
  13 cyclopes
  A salamander (shapeshifter) (Vaults:1)
  2 manticores
  18 elephants
  12 vault sentinels
  Maurice (D:11)
  32 black mambas
  A guardian serpent (shapeshifter) (Vaults:1)
  2 torpor snails (Lair:3)
  5 guardian serpents
  12 naga magi
  2 gargoyles
  2 kobold demonologists
  10 cane toads
  A yaktaur (shapeshifter) (Vaults:2)
  A rime drake (Lair:1)
  34 yaktaurs
  2 tengu conjurers
  5 freezing wraiths
  6 komodo dragons
  A queen bee (shapeshifter) (D:15)
  16 trolls
  A jumping spider (Vaults:1)
  4 meliai
  A troll (shapeshifter) (D:15)
  Prince Ribbit (D:9)
  A hornet (Vaults:2)
  A raiju (shapeshifter) (Vaults:1)
  2 bog bodies (Lair:2)
  A snapping turtle (shapeshifter) (D:15)
  19 slime creatures
  5 dream sheep (Lair:6)
  21 blink frogs
  3 water elementals
  Sigmund (D:2)
  A redback (Vaults:1)
  A tarantella (shapeshifter) (Vaults:2)
  6 air elementals
  3 wraiths
  75 yaks
  4 shadows
  A vampire (D:12)
  4 fire elementals
  4 wyverns
  A steam dragon (D:11)
  11 basilisks
  A yak (shapeshifter) (Vaults:2)
  Grum (D:11)
  8 humans (D:13)
  64 nagas
  5 vampire mosquitoes (D:14)
  8 wargs
  2 swamp worms (Lair:2)
  A soldier ant (D:11)
  3 acid dragons
  15 water moccasins
  7 black bears
  41 orc warriors
  2 phantoms
  A hornet zombie (D:15)
  3 ice beasts
  A necrophage (D:9)
  An ogre (shapeshifter) (Vaults:1)
  9 wolves
  6 sky beasts
  19 boggarts
  44 ogres
  13 centaurs
  4 big kobolds
  4 gnoll sergeants
  20 bullfrogs
  5 earth elementals
  5 scorpions
  13 killer bees
  An electric eel (Lair:2)
  7 jellies
  11 wights
  A howler monkey (D:13)
  3 bullfrog zombies
  A quasit (D:11)
  4 centaur zombies
  13 hounds
  16 orc priests
  4 bullfrog skeletons
  A centaur skeleton (D:5)
  2 gnoll shamans (D:9)
  7 iguanas
  Terence (D:3)
  30 orc wizards
  6 worker ants
  A hound zombie (D:5)
  Robin (D:2)
  29 gnolls
  A howler monkey skeleton (D:5)
  11 adders
  A river rat (Sewer)
  2 shadow imps
  2 white imps
  5 ufetubi
  An ooze (D:2)
  A worm (D:3)
  3 dart slugs
  99 orcs
  8 giant cockroaches
  17 goblins
  9 hobgoblins
  13 jackals
  21 kobolds
  3 quokkas
  A ball python (D:3)
  6 bats
  8 frilled lizards
  19 rats
  2 crawling corpses (Elf:3)
1446 creatures vanquished.

Vanquished Creatures (others)
  A tengu reaver (Vaults:4)
  A human (D:13)
  A kobold (D:4)
  A bush (Lair:6)
  18 fungi
  53 plants
75 creatures vanquished.

Grand Total: 1521 creatures vanquished

Notes
Turn   | Place    | Note
-------+----------+-------------------------------------------
     0 | D:1      | DogServant the Hill Orc Gladiator began the quest for the
                  | Orb.
     0 | D:1      | Reached XP level 1. HP: 18/18 MP: 1/1
   305 | D:1      | You fall into a shaft and drop 1 floor!
   308 | D:2      | Reached XP level 2. HP: 25/25 MP: 2/2
   380 | D:2      | Found a stormy altar of Qazlal.
   653 | D:2      | Reached XP level 3. HP: 31/31 MP: 3/3
   683 | D:2      | Noticed Robin
   688 | D:2      | Reached skill level 5 in Axes
   701 | D:2      | Killed Robin
   884 | D:2      | Reached XP level 4. HP: 36/40 MP: 4/4
  1075 | D:2      | Noticed Sigmund
  1095 | D:2      | Killed Sigmund
  1095 | D:2      | Reached skill level 5 in Fighting
  1095 | D:2      | Reached skill level 6 in Axes
  1095 | D:2      | Reached XP level 5. HP: 24/48 MP: 5/5
  1297 | D:1      | Reached XP level 6. HP: 56/56 MP: 6/6
  2219 | D:3      | Reached skill level 1 in Armour
  2223 | D:3      | Gained mutation: You are agile. (Dex +2) [potion of
                  | mutation]
  2223 | D:3      | Gained mutation: You are resistant to hostile enchantments.
                  | (MR+) [potion of mutation]
  2223 | D:3      | Gained mutation: Your flesh is heat resistant. (rF+)
                  | [potion of mutation]
  2223 | D:3      | Gained mutation: You have a pair of small antennae on your
                  | head. [potion of mutation]
  2459 | D:3      | Found a glowing drain.
  2492 | Sewer    | Entered a sewer
  2597 | Sewer    | Reached skill level 7 in Axes
  2653 | Sewer    | Found a white marble altar of Elyvilon.
  2790 | D:3      | Found a runed translucent gate.
  2790 | D:3      | Found a runed translucent gate.
  2790 | D:3      | Found a runed translucent gate.
  2882 | D:3      | Noticed Alfie's ghost (amateur HOFi)
  3334 | D:3      | Noticed Terence
  3342 | D:3      | Killed Terence
  3464 | D:3      | Found a runed translucent gate.
  3465 | D:3      | Found a runed translucent gate.
  3466 | D:3      | Found a runed translucent gate.
  4334 | D:4      | Reached XP level 7. HP: 62/63 MP: 7/7
  4750 | D:5      | Entered Level 5 of the Dungeon
  5214 | D:5      | Identified the Grimoire of the Venomous Snowflakes
  5230 | D:5      | Reached skill level 8 in Axes
  5595 | D:5      | Reached XP level 8. HP: 29/71 MP: 8/8
  6002 | D:6      | Reached skill level 9 in Axes
  7174 | D:6      | Reached skill level 10 in Axes
  7307 | D:6      | Found a staircase to the Ecumenical Temple.
  7319 | Temple   | Entered the Ecumenical Temple
  7389 | Temple   | Became a worshipper of Uskayaw the Reveler
  7574 | D:6      | Reached * piety under Uskayaw
  7775 | D:6      | Reached ** piety under Uskayaw
  7785 | D:6      | Reached skill level 5 in Dodging
  7785 | D:6      | Reached XP level 9. HP: 60/78 MP: 9/9
  8489 | D:6      | Found an ornate altar of the Wu Jian Council.
  8605 | D:7      | Found a white marble altar of Elyvilon.
  8747 | D:7      | Found an opulent altar of Gozag.
  8802 | D:7      | Reached skill level 11 in Axes
  8914 | D:7      | Noticed a manticore
  8930 | D:7      | HP: 1/78 [manticore (9)]
  8930 | D:7      | Reached *** piety under Uskayaw
  8931 | D:7      | Killed a manticore
  9432 | D:7      | Found a radiant altar of Vehumet.
  9432 | D:7      | Noticed Harold
  9456 | D:7      | Killed Harold
  9456 | D:7      | Reached skill level 13 in Axes
  9873 | D:7      | Found Kuriczar's Antique Weapon Shop.
  9878 | D:7      | Identified a scroll of acquirement
  9878 | D:7      | Acquired the ring "Wibax" {rC+ AC+4}
 10293 | D:8      | Reached XP level 10. HP: 84/84 MP: 10/10
 10424 | D:8      | Reached skill level 1 in Evocations
 10695 | D:8      | Reached **** piety under Uskayaw
 10747 | D:8      | Found a hazy altar of Hepliaklqana.
 10791 | D:9      | Found a shimmering altar of Xom.
 11034 | D:9      | Reached skill level 5 in Armour
 11053 | D:9      | Reached ***** piety under Uskayaw
 11539 | D:9      | Found Maeraxtyide's Gadget Shop.
 11551 | D:9      | Reached skill level 14 in Axes
 11609 | D:9      | Noticed Prince Ribbit
 11641 | D:9      | Killed Prince Ribbit
 12346 | D:9      | Reached skill level 1 in Invocations
 12964 | D:10     | Entered Level 10 of the Dungeon
 13181 | D:10     | Noticed Nergalle
 13215 | D:10     | Killed Nergalle
 13215 | D:10     | Reached skill level 15 in Axes
 13215 | D:10     | Reached XP level 11. HP: 28/91 MP: 12/14
 13618 | D:10     | Noticed an oklob plant
 13681 | D:10     | Found a staircase to the Lair.
 13709 | D:10     | Killed an oklob plant
 13709 | D:10     | Reached skill level 5 in Invocations
 14205 | D:10     | Found a staircase to the Orcish Mines.
 14253 | D:10     | Found Orehopits's General Store.
 14257 | D:10     | Bought a potion of curing for 42 gold pieces
 14257 | D:10     | Bought a scroll of teleportation for 42 gold pieces
 14257 | D:10     | Acquired the ring of Asaukust {*Drain rElec rF+ MR++
                  | Stlth+}
 14365 | D:10     | Found a large runed translucent door.
 14366 | D:10     | Found a large runed translucent door.
 14371 | D:10     | Lost mutation: You are agile. (Dex +2) [potion of mutation]
 14371 | D:10     | Lost mutation: You have a pair of small antennae on your
                  | head. [potion of mutation]
 14371 | D:10     | Lost mutation: You are resistant to hostile enchantments.
                  | (MR+) [potion of mutation]
 14371 | D:10     | Gained mutation: Armour fits poorly on your strangely
                  | shaped body. [potion of mutation]
 14371 | D:10     | Gained mutation: You passively map a small area around you.
                  | [potion of mutation]
 14372 | D:10     | Lost mutation: Armour fits poorly on your strangely shaped
                  | body. [potion of mutation]
 14372 | D:10     | Lost mutation: You passively map a small area around you.
                  | [potion of mutation]
 14372 | D:10     | Lost mutation: Your flesh is heat resistant. (rF+) [potion
                  | of mutation]
 14372 | D:10     | Gained mutation: You are agile. (Dex +2) [potion of
                  | mutation]
 14372 | D:10     | Gained mutation: You are weak. (Str -2) [potion of
                  | mutation]
 14372 | D:10     | Gained mutation: You are partially covered in molten
                  | scales. (AC +2) [potion of mutation]
 14373 | D:10     | Lost mutation: You are weak. (Str -2) [potion of mutation]
 14373 | D:10     | Lost mutation: You are agile. (Dex +2) [potion of mutation]
 14373 | D:10     | Gained mutation: Your spells are a little harder to cast,
                  | but a little more powerful. [potion of mutation]
 14458 | D:11     | Noticed a fire dragon
 14474 | D:11     | Killed a fire dragon
 14931 | D:11     | Noticed Maurice
 14950 | D:11     | Killed Maurice
 14990 | D:11     | Killed an unseen horror
 15155 | D:11     | Noticed Grum
 15164 | D:11     | Killed Grum
 15191 | D:11     | Killed an unseen horror
 15191 | D:11     | Reached skill level 16 in Axes
 15473 | D:11     | Noticed a two-headed ogre
 15479 | D:11     | Killed a two-headed ogre
 15484 | D:11     | Reached XP level 12. HP: 90/102 MP: 16/18
 15488 | D:11     | Noticed a boulder beetle
 15488 | D:11     | Noticed a two-headed ogre
 15713 | Lair:1   | Entered Level 1 of the Lair of Beasts
 17077 | Lair:2   | Noticed Urug
 17084 | Lair:2   | Killed Urug
 17171 | Lair:2   | Noticed Gastronok
 17186 | Lair:2   | Killed Gastronok
 17192 | Lair:2   | Lost mutation: Your spells are a little harder to cast, but
                  | a little more powerful. [potion of mutation]
 17192 | Lair:2   | Gained mutation: You are partially covered in rugged brown
                  | scales. (AC +1, +3% HP) [potion of mutation]
 17192 | Lair:2   | Gained mutation: You expend magic power (3 MP) to
                  | strengthen your wands. [potion of mutation]
 17293 | Lair:2   | Reached skill level 10 in Invocations
 17371 | Lair:2   | Reached skill level 17 in Axes
 17376 | Lair:2   | Reached skill level 10 in Fighting
 17382 | Lair:2   | Reached ****** piety under Uskayaw
 17500 | Lair:2   | Found a staircase to the Snake Pit.
 17831 | Lair:2   | Noticed Fannar
 17849 | Lair:2   | Killed Fannar
 18108 | Lair:2   | Found a staircase to the Swamp.
 18872 | Lair:3   | Reached XP level 13. HP: 108/116 MP: 20/20
 19155 | Lair:3   | Reached skill level 18 in Axes
 21389 | Lair:5   | You fall into a shaft and drop 1 floor!
 21389 | Lair:6   | Entered Level 6 of the Lair of Beasts
 21547 | Lair:6   | Reached skill level 19 in Axes
 21640 | Lair:6   | Reached skill level 10 in Armour
 21834 | Lair:6   | Reached XP level 14. HP: 98/124 MP: 21/21
 22155 | Lair:5   | Found a stormy altar of Qazlal.
 22560 | Lair:5   | Found the +3 Elemental Staff {rElec rF++ rC++ MR++ AC+5}
 22567 | Lair:5   | Reached skill level 20 in Axes
 22919 | Lair:5   | Found a staircase to the Slime Pits.
 24554 | Lair:6   | Noticed a dire elephant
 24835 | D:11     | Reached skill level 21 in Axes
 25036 | D:11     | Reached XP level 15. HP: 103/129 MP: 22/22
 25824 | D:13     | Found Hiahon's Armour Emporium.
 25861 | D:13     | Bought a +1 plate armour of magic resistance for 385 gold
                  | pieces
 26022 | D:13     | Found Lonihe Dafic's Distillery.
 26034 | D:13     | Bought 2 potions of mutation for 192 gold pieces
 26046 | D:13     | Lost mutation: You expend magic power (3 MP) to strengthen
                  | your wands. [potion of mutation]
 26046 | D:13     | Lost mutation: You are partially covered in molten scales.
                  | (AC +2) [potion of mutation]
 26046 | D:13     | Gained mutation: You are surrounded by a mild repulsion
                  | field. (EV +2) [potion of mutation]
 26046 | D:13     | Gained mutation: You evolve. [potion of mutation]
 26046 | D:13     | Gained mutation: You rapidly evolve. [potion of mutation]
 26046 | D:13     | Gained mutation: You are partially covered in icy blue
                  | scales. (AC +2) [potion of mutation]
 26047 | D:13     | Lost mutation: You are partially covered in icy blue
                  | scales. (AC +2) [potion of mutation]
 26047 | D:13     | Lost mutation: You rapidly evolve. [potion of mutation]
 26047 | D:13     | Lost mutation: You evolve. [potion of mutation]
 26047 | D:13     | Lost mutation: You are surrounded by a mild repulsion
                  | field. (EV +2) [potion of mutation]
 26047 | D:13     | Gained mutation: You have a pair of small antennae on your
                  | head. [potion of mutation]
 26047 | D:13     | Gained mutation: Your mind is acute. (Int +2) [potion of
                  | mutation]
 26047 | D:13     | Gained mutation: Your muscles are strong. (Str +2) [potion
                  | of mutation]
 26428 | D:13     | Found Quagaer's Jewellery Shoppe.
 26883 | D:13     | Found a gate to the Vaults.
 26899 | D:13     | Acquired 735 gold pieces
 27291 | D:14     | Noticed Jorgrun
 27308 | D:14     | Killed Jorgrun
 28258 | D:15     | Entered Level 15 of the Dungeon
 28984 | D:15     | Found a staircase to the Depths.
 29143 | D:15     | Reached XP level 16. HP: 139/143 MP: 25/25
 29411 | Orc:1    | Entered Level 1 of the Orcish Mines
 29583 | Orc:1    | Reached skill level 10 in Dodging
 29830 | Orc:2    | Entered Level 2 of the Orcish Mines
 30311 | Orc:2    | Found a staircase to the Elven Halls.
 30311 | Orc:2    | Found Jualaon's Assorted Antiques.
 30409 | Orc:2    | Bought a scroll of enchant armour for 195 gold pieces
 30409 | Orc:2    | Bought a potion of curing for 78 gold pieces
 30421 | Orc:2    | Found Zimosm's Armour Shoppe.
 30422 | Orc:2    | Found Atoghus's Assorted Antiques.
 30428 | Orc:2    | Found Kienn's Book Boutique.
 30440 | Orc:2    | Found Disyam's Book Shoppe.
 30820 | Orc:2    | Bought a scroll labeled ROM VERYKACS for 22 gold pieces
 30820 | Orc:2    | Bought a scroll of teleportation for 66 gold pieces
 30820 | Orc:2    | Bought a jade ring for 110 gold pieces
 30864 | Orc:2    | Bought a tubular diamond ring for 130 gold pieces
 30864 | Orc:2    | Lost mutation: Your muscles are strong. (Str +2) [potion of
                  | mutation]
 30864 | Orc:2    | Lost mutation: You are partially covered in rugged brown
                  | scales. (AC +1, +3% HP) [potion of mutation]
 30864 | Orc:2    | Lost mutation: You have a pair of small antennae on your
                  | head. [potion of mutation]
 30864 | Orc:2    | Gained mutation: You are partially covered in large bone
                  | plates. (SH +4) [potion of mutation]
 30864 | Orc:2    | Gained mutation: You have a pair of small horns on your
                  | head. [potion of mutation]
 30864 | Orc:2    | Gained mutation: Scrolls take you a little longer to read.
                  | [potion of mutation]
 30864 | Orc:2    | Gained mutation: Your muscles are strong. (Str +2) [potion
                  | of mutation]
 30865 | Orc:2    | Lost mutation: You are partially covered in large bone
                  | plates. (SH +4) [potion of mutation]
 30865 | Orc:2    | Lost mutation: Scrolls take you a little longer to read.
                  | [potion of mutation]
 30865 | Orc:2    | Lost mutation: Your mind is acute. (Int +2) [potion of
                  | mutation]
 30865 | Orc:2    | Lost mutation: You have a pair of small horns on your head.
                  | [potion of mutation]
 30865 | Orc:2    | Gained mutation: You are partially covered in large bone
                  | plates. (SH +4) [potion of mutation]
 30865 | Orc:2    | Gained mutation: Your natural rate of healing is unusually
                  | fast. [potion of mutation]
 30866 | Orc:2    | Bought 2 potions of mutation for 416 gold pieces
 30866 | Orc:2    | Lost mutation: Your muscles are strong. (Str +2) [potion of
                  | mutation]
 30866 | Orc:2    | Lost mutation: Your natural rate of healing is unusually
                  | fast. [potion of mutation]
 30866 | Orc:2    | Gained mutation: You evolve. [potion of mutation]
 30866 | Orc:2    | Gained mutation: You have a somewhat thin skeletal
                  | structure. (Dex +2, Stealth) [potion of mutation]
 30866 | Orc:2    | Gained mutation: Your muscles are strong. (Str +2) [potion
                  | of mutation]
 32554 | Snake:1  | Entered Level 1 of the Snake Pit
 33380 | Snake:1  | Found Maefakue's Distillery.
 33380 | Snake:1  | Found Moblyck's Jewellery Emporium.
 33384 | Snake:1  | Found Buidyo's Book Shoppe.
 33393 | Snake:1  | Bought a potion of heal wounds for 65 gold pieces
 34175 | Snake:2  | Noticed a nagaraja
 34185 | Snake:2  | Killed a nagaraja
 34509 | Snake:2  | Got a coiled iron ring
 34510 | Snake:2  | Identified the ring of Atawk {rC+ Str+3 SInv} (You found it
                  | on level 2 of the Snake Pit)
 34561 | Snake:2  | Found a glowing silver altar of Zin.
 34562 | Snake:2  | Found Syaskidiha's Assorted Antiques.
 34571 | Snake:2  | Reached XP level 17. HP: 107/150 MP: 27/27
 34701 | Snake:2  | Bought a scroll labeled FYCRUI IMILLI for 33 gold pieces
 34702 | Snake:2  | Bought a scroll labeled NOHIAD IRPHE for 33 gold pieces
 34703 | Snake:2  | Bought a wand of acid (7) for 264 gold pieces
 35209 | Snake:3  | Found Konkail's Mass Market.
 36007 | Snake:3  | Reached skill level 15 in Invocations
 36374 | Snake:4  | Entered Level 4 of the Snake Pit
 36935 | Snake:4  | Reached skill level 15 in Fighting
 37235 | Snake:4  | Got a serpentine rune of Zot
 38070 | Snake:4  | Reached skill level 22 in Axes
 38078 | Snake:4  | Reached XP level 18. HP: 160/163 MP: 29/29
 38610 | Swamp:1  | Entered Level 1 of the Swamp
 38611 | Swamp:1  | Found a frozen archway.
 39106 | Vaults:1 | Entered Level 1 of the Vaults
 39915 | Vaults:1 | Reached skill level 15 in Armour
 40342 | Vaults:1 | Reached skill level 23 in Axes
 40571 | Vaults:2 | Found a bloodstained altar of Trog.
 41319 | Vaults:2 | Noticed an Ice Fiend
 41322 | Vaults:2 | Noticed a Brimstone Fiend
 41322 | Vaults:2 | Reached XP level 19. HP: 155/170 MP: 30/30
 41789 | Vaults:2 | Reached skill level 24 in Axes
 42136 | Vaults:3 | Noticed a tentacled monstrosity
 42146 | Vaults:3 | Killed a tentacled monstrosity
 42200 | Vaults:3 | Gained mutation: Your spells are a little harder to cast,
                  | but a little more powerful. [evolution]
 42264 | Vaults:3 | Found Utelig's General Store.
 42271 | Vaults:3 | Bought a scroll of enchant armour for 120 gold pieces
 42306 | Vaults:3 | Found a staircase to the Crypt.
 42559 | Vaults:3 | Found Tutroso's Jewellery Shop.
 42745 | Vaults:3 | Bought the ring of Scepticism {*Drain MP-9 EV+4 Str+3
                  | Dex+6} for 635 gold pieces
 43485 | Vaults:3 | Found Jaucucho's Antique Weapon Emporium.
 43487 | Vaults:3 | Found Teklezaw's Jewellery Emporium.
 43976 | Vaults:4 | Reached XP level 20. HP: 178/178 MP: 22/31
 44230 | Vaults:4 | Found Opoec's Gadget Emporium.
 44369 | Vaults:4 | Got a heavily runed lapis lazuli ring
 45216 | Snake:3  | Bought a +0 executioner's axe for 160 gold pieces
 45372 | Elf:1    | Entered Level 1 of the Elven Halls
 45472 | Elf:1    | Reached skill level 25 in Axes
 45492 | Elf:1    | Identified Dygoczif's Grimoire of Attacks
 45494 | Elf:1    | Identified the ring of Teqiy {Ice +Inv Int+3 Dex-2} (You
                  | found it on level 4 of the Vaults)
 45574 | Elf:1    | Noticed Asterion
 45596 | Elf:1    | Killed Asterion
 46416 | Elf:1    | Found Ryicwas's Assorted Antiques.
 46717 | Elf:2    | Found Mupt's Antique Armour Boutique.
 46990 | Elf:2    | Found a huge runed translucent gate.
 46990 | Elf:2    | Found a huge runed translucent gate.
 46990 | Elf:2    | Found a huge runed translucent gate.
 46990 | Elf:2    | Found a huge runed translucent gate.
 46990 | Elf:2    | Found a huge runed translucent gate.
 47100 | Elf:2    | Found Kahuawno's General Store.
 47303 | Elf:3    | Entered Level 3 of the Elven Halls
 47596 | Elf:3    | Noticed Louise
 47619 | Elf:3    | Killed Louise
 47675 | Elf:3    | Reached XP level 21. HP: 159/192 MP: 24/33
 47677 | Elf:3    | Reached skill level 26 in Axes
 47697 | Elf:3    | HP: 8/193 [Executioner[a deep elf demonologist] (2)]
 47700 | Elf:3    | HP: 3/193 [Executioner[a deep elf demonologist] (2)]
 47743 | Elf:2    | Lost mutation: Your spells are a little harder to cast, but
                  | a little more powerful. [evolution]
 48607 | Elf:3    | Identified the cursed +2 broad axe of the Final Visions
                  | {vorpal, rPois rN+++ Str-3 Int+2}
 48610 | Elf:3    | Identified the +1 leather armour "Ibikuit" {+Inv Str-4
                  | Int-2 Dex+7}
 48868 | Elf:3    | Found the +9 sword of Zonguldrok {reap}
 48895 | Elf:3    | Got a slimy silver ring
 48950 | Elf:3    | Found a large runed translucent door.
 48951 | Elf:3    | Found a large runed translucent door.
 48972 | Elf:3    | Noticed 1994's ghost (adept MiGl)
 49524 | Elf:3    | Noticed Aizul
 49535 | Elf:3    | Killed Aizul
 49768 | Elf:3    | HP: 8/292 [1994's ghost (27)]
 49770 | Elf:3    | Demolished by 1994's ghost

Illustrated notes

Levels and vault maps discovered:
D:1:      dpeg_arrival_three_smaller_balls, layout_basic
D:2:      layout_rooms, nicolae_qazlal_general_emergency, uniq_sigmund,
          uniq_robin
D:3:      layout_basic, gammafunk_ghost_icy, portal_sewer_entry_a, uniq_terence
D:4:      layout_basic, minmay_large_rounded_square, minmay_goblin_kobold_house
D:5:      layout_cave_pools
D:6:      layout_basic, kennysheep_little_box, minmay_temple_entry_antechambers
D:7:      layout_basic, grunt_gozag_breadcrumbs, nicolae_overflow_crystal_walls,
          serial_shops, shop, elyvilon_altar_4, uniq_harold
D:8:      layout_rooms, lemuel_coloured_pillars_altar
D:9:      layout_big_octagon, serial_gnoll_camp, gnoll_camp_mini_shop,
          gnoll_camp_mini_doghouse, gnoll_camp_huts_basic, gnoll_camp_medium_01,
          basic_altar, uniq_prince_ribbit1
D:10:     layout_roguey, dpeg_oklobed_lair, orc_0_dummy, serial_shops,
          nicolae_shop_trees, lightli_elemental_guards, uniq_nergalle
D:11:     layout_basic, enter_bailey_7, minmay_fractal_squares_gapless_7,
          uniq_grum, uniq_maurice
D:12:     layout_loops_ring, eino_small_chamber_without_monster
D:13:     layout_loops_corners, ximxim_vaults_locker_room, serial_shops,
          shop_fountains, shop, nicolae_shop_temple_entry_statues_fountains,
          gauntlet_entry_generic
D:14:     layout_basic, hangedman_decor_diamond_cutter, grunt_tough_drop,
          uniq_jorgrun
D:15:     gammafunk_enter_depths_forms, layout_rooms
Temple:   dpeg_five_rooms_temple
Lair:1:   layout_regular_city, hibernation_bobbens, grunt_megastairs_3
Lair:2:   layout_layer_cave, nicolae_swamp_entry_splash_gauntlet,
          guppyfry_snake_entry_garden, infiniplex_staircase_pool_2,
          serial_bayou_shore_b, uniq_gastronok, uniq_fannar, uniq_urug
Lair:3:   layout_cave_pods, lemuel_fruit_tree
Lair:4:   layout_gridlike, kennysheep_basilisk_garden
Lair:5:   layout_regular_city, dpeg_slime_entry_corner, basic_altar,
          minivault_25, beast_lair_carwin_2, minmay_lair_oklob_chamber
Lair:6:   grunt_lair_end_beastmaster, layout_regular_city, serial_bayou_shore_a
Swamp:1:  layout_basic_swamp, portal_ice_cave_entry_pillars_1,
          hangedman_swamp_ruin_hall
Snake:1:  layout_chambers, portal_ice_cave_entry_pillars_2, minmay_shop_star
Snake:2:  layout_onion_interference, basic_altar, serial_shops, shop,
          special_room
Snake:3:  layout_onion_interference, special_room, grunt_ministairs_6,
          minmay_shop_mass, grunt_megastairs_4
Snake:4:  minmay_snake_end_coiled, layout_cave_town, st_stairs_5
Orc:1:    layout_caves, nicolae_orc_tapped_out
Orc:2:    st_orc_open, layout_caves, serial_shops,
          nicolae_shop_overgrown_old_shop, nicolae_orc_rich_vein
Elf:1:    minmay_elf_arrival_plus, layout_geoelf_grid, serial_shops,
          nicolae_shop_crystal, minmay_elf_annihilation, uniq_asterion
Elf:2:    layout_rooms, serial_shops, shop, shop
Elf:3:    minmay_elf_hall_x, layout_onion_city, ebering_ghost_disaster_area,
          serial_sigils_hangedman_carve, uniq_aizul, uniq_louise
Vaults:1: v_misc_22, hangedman_vaults_hat, v_misc_1, v_misc_15,
          nicolae_vaults_big_angled_halls, v_misc_28, vaults_mumra_chevron,
          vaults_room_door_ring, nicolae_vaults_sealed_display, v_alt_pattern_3,
          grunt_vaults_funnel, vaults_room_door_ring, st_lines,
          vaults_room_door_ring, layout_vaults_omnicross
Vaults:2: nicolae_vaults_halls_meeting, hangedman_vaults_river_flow,
          vaults_room_door_ring, nicolae_vaults_circle_grid_b, v_misc_23,
          v_misc_13, nicolae_vaults_circle_grid_a,
          nicolae_vaults_mini_display_case, grunt_vaults_swirl,
          vaults_dpeg_ring, vaults_dpeg_hooks, vaults_mumra_minichess,
          layout_vaults_big_room, basic_altar
Vaults:3: dpeg_vaults_monster_row, ontoclasm_vaults_tryst,
          nicolae_vaults_alarming, ontoclasm_vaults_ligature,
          grunt_vaults_diagonal, nicolae_vaults_what_the_h,
          ontoclasm_vaults_gateway, layout_vaults_omnigrid, serial_shops, shop,
          shop, shop, shop
Vaults:4: vaults_room_fancy_cross, v_misc_25, vaults_room_hangedman_quadrants,
          ontoclasm_vaults_hangar, vaults_standard_mumra_x,
          nicolae_vaults_big_angled_halls, nicolae_vaults_little_ls,
          ontoclasm_vaults_idyll, nicolae_vaults_angled_halls,
          nicolae_vaults_asterisk, v_misc_2, nicolae_vaults_rhombus_5,
          nicolae_vaults_shelves_hall, ontoclasm_vaults_twist,
          vaults_room_semicircle, layout_vaults_omnibox, serial_shops,
          nicolae_shop_waterfront

Skill      XL: |  1  2  3  4  5  6  7  8  9 10 11 12 13 14 15 16 17 18 19 20 21 |
---------------+----------------------------------------------------------------+-----
Fighting       | 3 4 5 6 8 10 12 13 15 17 18 | 18.7
Axes           | 5 6 7 8 10 13 15 16 17 19 21 22 23 24 25 26 | 26.5
Armour         | 2 3 5 6 10 13 14 16 17 | 17.8
Dodging        | 5 6 7 9 11 12 | 12.0
Evocations     | 4 |  4.0
Invocations    | 4 8 10 12 13 15 17 | 17.0
Throwing       | |  1.7

Action                   |  1- 3 |  4- 6 |  7- 9 | 10-12 | 13-15 | 16-18 | 19-21 || total
-------------------------+-------+-------+-------+-------+-------+-------+-------++-------
Melee: War axe           |    77 |   136 |   340 |   287 |       |       |       ||   840
       Battleaxe         |       |       |       |   393 |   934 |  1107 |   964 ||  3398
       Executioner's axe |       |       |       |       |       |       |    53 ||    53
Throw: Dart              |       |    11 |     1 |       |       |       |       ||    12
       Throwing net      |       |     1 |     3 |     5 |       |       |     4 ||    13
       Boomerang         |       |       |       |    17 |       |       |       ||    17
Invok: Line Pass         |       |       |       |       |       |       |     3 ||     3
Evoke: Wand              |       |       |     1 |     4 |    22 |     9 |    10 ||    46
  Use: Scroll            |       |     5 |     5 |    12 |    15 |    15 |     6 ||    58
       Potion            |       |     3 |     4 |     8 |     4 |     7 |     6 ||    32
 Stab: Paralysed         |       |       |     6 |    63 |   124 |   196 |   186 ||   575
       Held in net/web   |       |       |       |     5 |       |       |       ||     5
       Sleeping          |       |       |       |     1 |     4 |       |       ||     5
       Petrified         |       |       |       |       |     8 |       |       ||     8
       Distracted        |       |       |       |       |     1 |       |     2 ||     3
       Petrifying        |       |       |       |       |     1 |       |       ||     1
       Confused          |       |       |       |       |       |       |     2 ||     2
Armor: Leather armour    |     2 |       |       |       |       |       |       ||     2
       Ring mail         |    31 |    31 |    68 |       |       |       |       ||   130
       Chain mail        |       |       |    16 |   231 |       |       |       ||   247
       Quicksilver drago |       |       |       |    48 |   220 |       |       ||   268
       Plate armour      |       |       |       |       |   210 |   398 |   272 ||   880
       Skin              |       |       |       |       |       |       |     1 ||     1
Dodge: Dodged            |    52 |    65 |   214 |   305 |   398 |   427 |   453 ||  1914
Block: Other             |    14 |    34 |    81 |   130 |   125 |   337 |   310 ||  1031
       Reflection        |       |     4 |     5 |     8 |     7 |    52 |    42 ||   118

Table legend: (Time is in decaauts)
 A = Elapsed time spent in this place.
 B = Non-inter-level travel time spent in this place.
 C = Inter-level travel time spent in this place.
 D = Time resting spent in this place.
 E = Time spent auto-exploring this place.
 F = Levels seen in this place.
 G = Mean time per level.
                   A        B        C        D        E       F      G
               +--------+--------+--------+--------+--------+-----+--------+
         Total |  48914 |  45219 |   3695 |   6572 |  31162 |  37 | 1322.0 |
       Dungeon |  20658 |  19013 |   1645 |   3506 |  12500 |  15 | 1377.2 |
        Temple |    238 |    189 |     49 |      0 |    183 |   1 |  238.0 |
          Lair |   9617 |   8639 |    978 |   1110 |   6363 |   6 | 1602.8 |
         Swamp |     15 |     15 |      0 |      0 |      0 |   1 |   15.0 |
     Snake Pit |   5963 |   5692 |    271 |    333 |   4555 |   4 | 1490.8 |
  Orcish Mines |   2370 |   2120 |    250 |    400 |   1272 |   2 | 1185.0 |
   Elven Halls |   4236 |   4137 |     99 |   1113 |   2259 |   3 | 1412.0 |
        Vaults |   5579 |   5180 |    399 |    110 |   3849 |   4 | 1394.8 |
         Sewer |    234 |    234 |      0 |      0 |    180 |   1 |  234.0 |
               +--------+--------+--------+--------+--------+-----+--------+

Top non-repeatable levels by time:
  Lair:2: 2101 daAuts
 Snake:4: 2044 daAuts
  Lair:6: 2006 daAuts
    D:10: 1949 daAuts
     D:9: 1903 daAuts
     D:5: 1827 daAuts
     D:6: 1769 daAuts
    D:11: 1752 daAuts
   Elf:3: 1713 daAuts
     D:3: 1697 daAuts
Vaults:3: 1655 daAuts
     D:7: 1621 daAuts
    D:13: 1563 daAuts
  Lair:5: 1548 daAuts
Vaults:1: 1529 daAuts
